[ AOE2 MATCH · #508390401 ]
UnrankedWu vs Turks
Player's team · LOSS
Rival team · WIN
[ REPLAY ANALYSIS · EXTRACTED FROM THE RECORDED GAME ]
Feudal
8:51
Castle
19:26
Imperial
33:04
| APM avg | 77.2 |
| APM peak | 134 |
| eAPM avg | 34.0 |
| Villagers / military | 240 / 231 |
Focus
⚔️ 45.2% · 🌾 54.8%
Archer ×114 · Spearman ×107 · Unknown (1974) ×14 · Unknown (1942) ×10 · Militia ×4 · Petard ×3
Feudal
9:04
Castle
20:55
Imperial
37:06
| APM avg | 76.4 |
| APM peak | 133 |
| eAPM avg | 38.3 |
| Villagers / military | 189 / 224 |
Focus
⚔️ 42.4% · 🌾 57.6%
Scout Cavalry ×116 · Hand Cannoneer ×64 · Archer ×28 · Bombard Cannon ×12 · Monk ×3 · Spearman ×1
Match map
Initial resources + every placement click. Lines = walls · curves = elevation contours. ◆ gold · ⬟ stone · ● berries · ✦ relic · ◌ wall gap
Your base· ✓ Closed at 19:26 · 61t walls · 1 gate(s)
Mr.Bean's base· ✓ Closed at 20:55 · 50t walls · 1 gate(s)
Smoothed initial terrain · ◌ = detected wall gap · hover for details
Inputs per minute
— unfold - - Mr.Bean
Build order — unfold
First 150 of 614 actions detected
| 0:00 | Queue | Villager (Male) |
| 0:01 | Queue | Villager (Male) |
| 0:01 | Build | House |
| 0:04 | Build | House |
| 0:16 | Queue | Villager (Male) |
| 0:17 | Queue | Villager (Male) |
| 1:26 | Queue | Villager (Male) |
| 1:26 | Queue | Villager (Male) |
| 1:56 | Queue | Villager (Male) |
| 2:14 | Queue | Villager (Male) |
| 2:14 | Queue | Villager (Male) |
| 2:19 | Build | Lumber Camp |
| 2:39 | Queue | Villager (Male) |
| 2:46 | Build | House |
| 3:09 | Queue | Villager (Male) |
| 3:21 | Queue | Villager (Male) |
| 3:22 | Queue | Villager (Male) |
| 3:51 | Queue | Villager (Male) |
| 3:54 | Queue | Villager (Male) |
| 4:25 | Queue | Villager (Male) |
| 5:06 | Queue | Villager (Male) |
| 5:32 | Build | Barracks |
| 5:38 | Queue | Villager (Male) |
| 5:39 | Research | Loom |
| 6:21 | Build | House |
| 6:34 | Research | Feudal Age |
| 6:37 | Queue | Militia |
| 6:38 | Queue | Militia |
| 6:47 | Build | House |
| 6:53 | Queue | Militia |
| 7:00 | Build | Palisade Wall |
| 7:05 | Build | Palisade Gate |
| 7:10 | Queue | Militia |
| 7:52 | Build | House |
| 8:13 | Build | Mill |
| 8:23 | Queue | Villager (Male) |
| 8:24 | Build | Palisade Wall |
| 8:36 | Build | Palisade Wall |
| 8:37 | Build | Palisade Wall |
| 8:51 | Age | Feudal Age |
| 8:57 | Queue | Villager (Male) |
| 8:58 | Research | Man-at-Arms (upgrade) |
| 8:58 | Research | Man-at-Arms (upgrade) |
| 9:23 | Queue | Villager (Male) |
| 9:24 | Build | House |
| 9:46 | Queue | Villager (Male) |
| 9:48 | Build | Farm |
| 9:48 | Build | Farm |
| 9:59 | Queue | Villager (Male) |
| 10:02 | Build | House |
| 10:03 | Build | Palisade Wall |
| 10:03 | Build | Palisade Wall |
| 10:11 | Build | Farm |
| 10:25 | Research | Double-Bit Axe |
| 10:26 | Research | Double-Bit Axe |
| 10:30 | Queue | Villager (Male) |
| 10:33 | Build | House |
| 10:54 | Build | Farm |
| 10:58 | Queue | Villager (Male) |
| 11:00 | Build | Farm |
| 11:11 | Build | House |
| 11:11 | Build | Palisade Wall |
| 11:15 | Build | Palisade Wall |
| 11:24 | Queue | Villager (Male) |
| 11:26 | Build | Stone Wall |
| 11:28 | Build | Farm |
| 11:40 | Build | Palisade Wall |
| 11:43 | Queue | Villager (Male) |
| 11:52 | Build | Mining Camp |
| 11:57 | Build | Palisade Wall |
| 12:24 | Queue | Villager (Male) |
| 12:32 | Build | House |
| 12:33 | Build | Palisade Wall |
| 12:49 | Queue | Villager (Male) |
| 13:00 | Build | Palisade Wall |
| 13:05 | Build | Archery Range |
| 13:16 | Build | House |
| 13:20 | Queue | Villager (Male) |
| 13:35 | Build | Palisade Wall |
| 13:46 | Queue | Villager (Male) |
| 13:56 | Queue | Spearman |
| 14:00 | Queue | Villager (Male) |
| 14:11 | Queue | Villager (Male) |
| 14:20 | Queue | Archer |
| 14:23 | Queue | Villager (Male) |
| 14:32 | Build | Farm |
| 14:39 | Queue | Villager (Male) |
| 14:43 | Build | Farm |
| 14:45 | Build | Farm |
| 14:47 | Queue | Archer |
| 14:55 | Queue | Villager (Male) |
| 15:03 | Build | Blacksmith |
| 15:04 | Build | Palisade Wall |
| 15:08 | Build | Farm |
| 15:12 | Queue | Villager (Male) |
| 15:39 | Queue | Archer |
| 15:41 | Queue | Villager (Male) |
| 15:48 | Build | Lumber Camp |
| 15:52 | Build | Palisade Wall |
| 16:24 | Build | Archery Range |
| 16:40 | Research | Castle Age |
| 16:40 | Research | Castle Age |
| 16:47 | Build | Farm |
| 17:17 | Research | Horse Collar |
| 17:17 | Research | Horse Collar |
| 17:19 | Research | Gold Mining |
| 17:21 | Queue | Archer |
| 17:21 | Queue | Archer |
| 17:27 | Build | Farm |
| 17:30 | Build | Farm |
| 17:41 | Research | Fletching |
| 17:41 | Queue | Archer |
| 17:41 | Queue | Archer |
| 17:49 | Build | Farm |
| 18:03 | Queue | Archer |
| 18:03 | Queue | Archer |
| 18:28 | Build | Farm |
| 18:34 | Queue | Archer |
| 18:34 | Queue | Archer |
| 19:15 | Queue | Villager (Male) |
| 19:26 | Age | Castle Age |
| 19:27 | Research | Crossbowman (upgrade) |
| 19:27 | Research | Crossbowman (upgrade) |
| 19:27 | Research | Bodkin Arrow |
| 19:28 | Research | Bodkin Arrow |
| 19:29 | Queue | Villager (Male) |
| 19:31 | Build | Town Center |
| 19:38 | Queue | Archer |
| 19:42 | Queue | Villager (Male) |
| 19:42 | Queue | Villager (Male) |
| 20:08 | Queue | Archer |
| 20:08 | Queue | Archer |
| 20:18 | Queue | Villager (Male) |
| 20:20 | Queue | Archer |
| 20:20 | Queue | Archer |
| 20:20 | Queue | Archer |
| 20:21 | Queue | Archer |
| 20:26 | Queue | Villager (Male) |
| 20:27 | Queue | Villager (Male) |
| 20:27 | Queue | Villager (Male) |
| 20:32 | Research | Padded Archer Armor |
| 20:32 | Research | Padded Archer Armor |
| 20:52 | Build | Farm |
| 20:53 | Queue | Archer |
| 20:53 | Queue | Archer |
| 20:56 | Queue | Villager (Male) |
| 21:03 | Queue | Villager (Male) |
| 21:18 | Research | Leather Archer Armor |
| 21:19 | Queue | Archer |
| 21:19 | Queue | Archer |
Build order — Mr.Bean
First 150 of 580 actions detected
| 0:00 | Queue | Villager (Male) |
| 0:01 | Build | House |
| 0:02 | Build | House |
| 0:18 | Queue | Villager (Male) ×3 |
| 1:24 | Queue | Villager (Male) |
| 1:24 | Queue | Villager (Male) |
| 2:05 | Queue | Villager (Male) |
| 2:05 | Queue | Villager (Male) |
| 2:07 | Build | Lumber Camp |
| 2:18 | Queue | Villager (Male) |
| 2:51 | Queue | Villager (Male) |
| 3:13 | Queue | Villager (Male) |
| 3:35 | Build | House |
| 3:45 | Queue | Villager (Male) |
| 3:49 | Queue | Villager (Male) |
| 4:18 | Build | Mill |
| 4:23 | Queue | Villager (Male) |
| 4:23 | Queue | Villager (Male) |
| 4:29 | Build | Palisade Wall |
| 4:38 | Queue | Villager (Male) |
| 5:03 | Queue | Villager (Male) |
| 5:03 | Queue | Villager (Male) |
| 5:25 | Research | Loom |
| 6:18 | Queue | Villager (Male) |
| 6:54 | Research | Feudal Age |
| 7:05 | Build | House |
| 7:31 | Build | Lumber Camp |
| 7:44 | Build | House |
| 7:45 | Build | House |
| 8:30 | Queue | Villager (Male) |
| 8:34 | Build | Barracks |
| 8:39 | Build | Palisade Wall |
| 8:55 | Queue | Villager (Male) |
| 9:04 | Age | Feudal Age |
| 9:07 | Queue | Villager (Male) |
| 9:16 | Queue | Spearman |
| 9:25 | Build | Palisade Wall |
| 9:27 | Build | Palisade Wall |
| 9:46 | Build | Palisade Wall |
| 9:52 | Build | Palisade Wall |
| 9:57 | Queue | Villager (Male) |
| 9:57 | Queue | Villager (Male) |
| 9:57 | Queue | Villager (Male) |
| 9:59 | Build | Archery Range |
| 10:04 | Build | House |
| 10:08 | Build | Palisade Wall |
| 10:10 | Queue | Villager (Male) |
| 10:10 | Queue | Villager (Male) |
| 10:12 | Build | Palisade Wall |
| 10:14 | Build | House |
| 10:21 | Queue | Villager (Male) |
| 10:43 | Build | House |
| 10:46 | Build | Blacksmith |
| 10:47 | Queue | Archer |
| 10:50 | Build | Palisade Wall |
| 10:52 | Queue | Villager (Male) |
| 10:52 | Queue | Villager (Male) |
| 11:16 | Research | Double-Bit Axe |
| 11:21 | Queue | Villager (Male) |
| 11:22 | Queue | Villager (Male) |
| 11:56 | Build | House |
| 12:02 | Build | House |
| 12:05 | Build | House |
| 12:09 | Build | Palisade Wall |
| 12:10 | Build | Palisade Wall |
| 12:12 | Build | Palisade Wall |
| 12:13 | Build | Palisade Wall |
| 12:15 | Build | Palisade Wall |
| 12:21 | Queue | Villager (Male) |
| 12:24 | Build | Mining Camp |
| 12:27 | Build | Palisade Wall |
| 12:29 | Build | Palisade Wall |
| 12:30 | Build | Palisade Wall |
| 12:35 | Queue | Villager (Male) |
| 12:42 | Build | Palisade Wall |
| 12:44 | Build | Palisade Wall |
| 12:47 | Build | Palisade Wall |
| 12:52 | Build | Palisade Wall |
| 12:55 | Build | Palisade Gate |
| 12:56 | Build | Palisade Wall |
| 13:05 | Build | Farm |
| 13:05 | Build | Farm |
| 13:08 | Build | Farm |
| 13:09 | Queue | Villager (Male) |
| 13:09 | Queue | Villager (Male) |
| 13:19 | Build | Farm |
| 13:21 | Build | Farm |
| 13:23 | Build | Farm |
| 13:25 | Build | Farm |
| 13:32 | Queue | Archer |
| 13:32 | Queue | Archer |
| 13:50 | Build | Farm |
| 13:53 | Research | Fletching |
| 13:54 | Research | Fletching |
| 13:56 | Queue | Villager (Male) |
| 14:09 | Queue | Villager (Male) |
| 14:09 | Queue | Villager (Male) |
| 14:26 | Queue | Villager (Male) |
| 14:28 | Build | Farm |
| 14:33 | Build | House |
| 14:35 | Queue | Archer |
| 14:39 | Build | Farm |
| 14:45 | Build | Farm |
| 14:47 | Build | Farm |
| 14:50 | Build | Farm |
| 15:06 | Queue | Archer |
| 15:16 | Queue | Villager (Male) ×4 |
| 15:31 | Build | Farm |
| 15:32 | Build | Farm |
| 15:37 | Queue | Villager (Male) |
| 15:37 | Queue | Villager (Male) |
| 15:37 | Queue | Villager (Male) |
| 15:43 | Queue | Archer |
| 15:46 | Queue | Villager (Male) |
| 16:02 | Build | House |
| 16:05 | Queue | Villager (Male) |
| 16:15 | Queue | Villager (Male) |
| 16:23 | Queue | Villager (Male) |
| 16:23 | Queue | Villager (Male) |
| 16:23 | Queue | Villager (Male) |
| 16:37 | Queue | Villager (Male) |
| 16:43 | Build | House |
| 16:44 | Build | House |
| 16:49 | Build | Farm |
| 16:51 | Build | Farm |
| 16:53 | Queue | Archer |
| 17:01 | Queue | Villager (Male) |
| 17:26 | Queue | Villager (Male) |
| 17:50 | Queue | Villager (Male) |
| 18:08 | Research | Castle Age |
| 18:08 | Research | Castle Age |
| 18:15 | Build | Stable |
| 18:31 | Queue | Archer |
| 18:31 | Queue | Archer |
| 18:33 | Research | Horse Collar |
| 18:33 | Research | Gold Mining |
| 18:34 | Research | Gold Mining |
| 18:41 | Build | Farm |
| 18:42 | Build | Farm |
| 18:59 | Queue | Archer |
| 19:08 | Queue | Scout Cavalry |
| 19:08 | Queue | Scout Cavalry |
| 19:11 | Build | House |
| 19:12 | Build | Palisade Wall |
| 19:18 | Queue | Scout Cavalry |
| 19:31 | Build | House |
| 19:36 | Build | House |
| 19:38 | Build | Palisade Wall |
| 19:38 | Build | Palisade Wall |
| 19:41 | Queue | Archer |
Match timeline
| 4:29 | Mr.Bean · wall_segment Palisade Wall x7 |
| 5:32 | unfold · first_building Barracks |
| 7:00 | unfold · wall_segment Palisade Wall x5 |
| 8:24 | unfold · wall_segment Palisade Wall x1 |
| 8:34 | Mr.Bean · first_building Barracks |
| 8:36 | unfold · wall_segment Palisade Wall x2 |
| 8:37 | unfold · wall_segment Palisade Wall x3 |
| 8:39 | Mr.Bean · wall_segment Palisade Wall x4 |
| 8:51 | unfold · age_up feudal |
| 9:04 | Mr.Bean · age_up feudal |
| 9:25 | Mr.Bean · wall_segment Palisade Wall x1 |
| 9:27 | Mr.Bean · wall_segment Palisade Wall x1 |
| 9:46 | Mr.Bean · wall_segment Palisade Wall x1 |
| 9:52 | Mr.Bean · wall_segment Palisade Wall x1 |
| 9:59 | Mr.Bean · first_building Archery Range |
| 10:03 | unfold · wall_segment Palisade Wall x3 |
| 10:03 | unfold · wall_segment Palisade Wall x5 |
| 10:08 | Mr.Bean · wall_segment Palisade Wall x1 |
| 10:12 | Mr.Bean · wall_segment Palisade Wall x1 |
| 10:50 | Mr.Bean · wall_segment Palisade Wall x5 |
| 11:11 | unfold · wall_segment Palisade Wall x4 |
| 11:15 | unfold · wall_segment Palisade Wall x7 |
| 11:26 | unfold · wall_segment Stone Wall x1 |
| 11:40 | unfold · wall_segment Palisade Wall x4 |
| 11:57 | unfold · wall_segment Palisade Wall x6 |
| 12:09 | Mr.Bean · wall_segment Palisade Wall x1 |
| 12:10 | Mr.Bean · wall_segment Palisade Wall x1 |
| 12:12 | Mr.Bean · wall_segment Palisade Wall x1 |
| 12:13 | Mr.Bean · wall_segment Palisade Wall x1 |
| 12:15 | Mr.Bean · wall_segment Palisade Wall x1 |
| 12:27 | Mr.Bean · wall_segment Palisade Wall x1 |
| 12:29 | Mr.Bean · wall_segment Palisade Wall x1 |
| 12:30 | Mr.Bean · wall_segment Palisade Wall x1 |
| 12:33 | unfold · wall_segment Palisade Wall x8 |
| 12:42 | Mr.Bean · wall_segment Palisade Wall x1 |
| 12:44 | Mr.Bean · wall_segment Palisade Wall x1 |
| 12:47 | Mr.Bean · wall_segment Palisade Wall x1 |
| 12:52 | Mr.Bean · wall_segment Palisade Wall x4 |
| 12:56 | Mr.Bean · wall_segment Palisade Wall x7 |
| 13:00 | unfold · wall_segment Palisade Wall x6 |
| 13:05 | unfold · first_building Archery Range |
| 13:35 | unfold · wall_segment Palisade Wall x5 |
| 15:04 | unfold · wall_segment Palisade Wall x2 |
| 15:52 | unfold · wall_segment Palisade Wall x3 |
| 18:15 | Mr.Bean · first_building Stable |
| 19:12 | Mr.Bean · wall_segment Palisade Wall x2 |
| 19:26 | unfold · age_up castle |
| 19:38 | Mr.Bean · wall_segment Palisade Wall x1 |
| 19:38 | Mr.Bean · wall_segment Palisade Wall x1 |
| 19:59 | Mr.Bean · wall_segment Palisade Wall x1 |
| 20:48 | Mr.Bean · wall_segment Palisade Wall x1 |
| 20:48 | Mr.Bean · wall_segment Palisade Wall x1 |
| 20:49 | Mr.Bean · wall_segment Palisade Wall x1 |
| 20:55 | Mr.Bean · age_up castle |
| 22:33 | Mr.Bean · wall_segment Palisade Wall x1 |
| 24:50 | Mr.Bean · first_market_buy 100 food |
| 26:52 | Mr.Bean · first_building Monastery |
| 27:08 | unfold · wall_segment Palisade Wall x1 |
| 28:01 | unfold · first_building Monastery |
| 30:01 | Mr.Bean · wall_segment Stone Wall x1 |
| 32:00 | unfold · first_building Castle |
| 32:57 | Mr.Bean · first_market_sell 100 food |
| 33:02 | Mr.Bean · first_building Castle |
| 33:04 | unfold · age_up imperial |
| 34:10 | unfold · first_building Siege Workshop |
| 34:15 | Mr.Bean · wall_segment Stone Wall x1 |
| 34:17 | Mr.Bean · wall_segment Stone Wall x1 |
| 34:24 | Mr.Bean · first_building Siege Workshop |
| 37:06 | Mr.Bean · age_up imperial |
| 45:27 | unfold · resign |
[ AI ANALYSIS · 1 CREDIT ]
What really happened in this match?
Wolo.gg analyzes every decision: build order, eco, micro, common mistakes by bracket. Personalized analysis on WhatsApp or Discord in 30 seconds.
Civ guide
Wu
Perfil
Jugador #20944940